 Dungeon Crawl Stone Soup version 0.17.1-2-g5865329 (webtiles) character file.

254717 seren the Hoplite (level 19, -3/179 HPs)
             Began as a Minotaur Berserker on Jan 5, 2016.
             Was a High Priest of Trog.
             Splashed by an acid blob's acid (4 damage)
             ... on level 4 of the Pits of Slime on Jan 13, 2016.
             The game lasted 09:01:33 (60287 turns).

seren the Hoplite (Minotaur Berserker)             Turns: 60287, Time: 09:01:34

Health: -3/179     AC: 27    Str: 26    XL:     19   Next: 41%
Magic:  6/6        EV: 19    Int:  4    God:    Trog [*****.]
Gold:   1954       SH: 19    Dex: 19    Spells: 0 memorised, 18 levels left

rFire  + . .     SeeInvis .     a - +7 demon whip (antimagic)
rCold  . . .     Clarity  .     V - +2 plate armour {rF+}
rNeg   . . .     SustAt   .     R - +2 shield
rPois  .         Gourm    .     (helmet restricted)
rElec  .         Spirit   .     v - +0 cloak
rCorr  +         Warding  .     F - +2 pair of gloves {Str+3}
rMut   .         Rnd*Tele +     x - +0 pair of boots
MR     ++...                    T - amulet of resist corrosion
Stlth  ..........               E - ring of protection from magic
                                i - +4 ring of protection

@: exhausted, corroded equipment, slowed, very slow, very resistant to hostile
enchantments, extremely unstealthy
A: retaliatory headbutt, horns 2, agile 1, teleportitis 1, evolution 1
a: Berserk, Trog's Hand, Brothers in Arms, Burn Spellbooks, Renounce Religion
}: 1/15 runes: serpentine


You were on level 4 of the Pits of Slime.
You worshipped Trog.
Trog was extremely pleased with you.
You were hungry.

You visited 7 branches of the dungeon, and saw 39 of its levels.

You collected 3789 gold pieces.
You spent 1835 gold pieces at shops.

Inventory:

Hand Weapons
 a - a +7 antimagic demon whip (weapon)
 b - a +6 demon whip of electrocution
 N - a +1 eveningstar of electrocution
Missiles
 g - 8 javelins of penetration
 n - 87 tomahawks (quivered)
 Y - 5 needles of sleeping
Armour
 v - a +0 cloak (worn)
 x - a +0 pair of boots (worn)
 F - a +2 pair of gloves of strength (worn)
 R - a +2 shield (worn)
 V - a +2 plate armour of fire resistance (worn)
Jewellery
 f - an uncursed amulet of stasis
 i - a +4 ring of protection (left hand)
 j - an uncursed amulet of resist mutation
 k - an uncursed amulet of regeneration
 E - a ring of protection from magic (right hand)
 T - an amulet of resist corrosion (around neck)
Wands
 h - a wand of teleportation (3)
 m - a wand of teleportation (4)
 q - a wand of fireball (7)
 y - a wand of digging (2)
 B - a wand of digging (15)
 H - a wand of invisibility (7)
 Q - a wand of teleportation (2)
Scrolls
 d - 6 scrolls of identify
 o - 4 scrolls of blinking
 r - 6 scrolls of teleportation
 s - 2 scrolls of magic mapping
 u - 6 scrolls of remove curse
 I - 2 scrolls of fog
 L - 3 scrolls of immolation
 P - a scroll of fear
 X - 4 scrolls of recharging
Potions
 p - 2 potions of ambrosia
 t - 3 potions of might
 z - a potion of agility
 A - 2 potions of resistance
 D - 2 potions of invisibility
 K - 3 potions of cancellation
 M - a potion of haste
 U - a potion of brilliance
 Z - a potion of cure mutation
Comestibles
 l - 12 meat rations
 w - 14 bread rations
 C - 3 fruits


   Skills:
 + Level 18.2 Fighting
 + Level 15.7 Maces & Flails
 - Level 6.3 Throwing
 + Level 18.0 Armour
 + Level 15.6 Dodging
 + Level 21.4 Shields


You had 18 spell levels left.
You didn't know any spells.

Dungeon Overview and Level Annotations

Branches:
Dungeon (15/15)            Temple (1/1) D:7            Lair (8/8) D:8
 Shoals (0/4) Lair:5        Snake (4/4) Lair:5        Slime (4/6) Lair:7
    Orc (4/4) D:9             Elf (3/3) Orc:3        Vaults (0/5) D:13
 Depths (0/5) D:15

Altars:
Ashenzari
Cheibriados
Dithmenos
Elyvilon
Fedhas
Gozag
Kikubaaqudgha
Makhleb
Nemelex Xobeh
Okawaru
Qazlal
Ru
Trog
Vehumet
Xom
Yredelemnul
Zin
The Shining One
Beogh

Shops:
D:10 (*%}[   D:15 :   Orc:4 =(*[   Elf:2 *   Snake:4 [

Annotations:
D:4 Blork the orc
D:10 needle
Lair:1 exclusion: oklob plant
Snake:2 exclusion: Roxanne, Roxanne
Elf:1 exclusions: orange crystal statue and 1 more exclusion


Innate Abilities, Weirdness & Mutations

You reflexively headbutt those who attack you in melee.
You have a pair of horns on your head.
You are agile. (Dex +2)
You are occasionally teleported next to monsters.
You evolve.


Message History

You block the azure jelly's attack.
The azure jelly hits you but does no damage.
The acid blob spits acid at you. The splash of acid hits you! You resist.
* * * LOW HITPOINT WARNING * * *
The acid burns!
You resist.
* * * LOW HITPOINT WARNING * * *
You whack the acid blob!
Your hands burn!
* * * LOW HITPOINT WARNING * * *
You headbutt the acid blob.
The acid blob is heavily wounded.
You block the enormous slime creature's attack.
You block the azure jelly's attack. x2
The azure jelly hits you.
* * * LOW HITPOINT WARNING * * *
The azure jelly hits you but does no damage.
The acid blob hits you!
* * * LOW HITPOINT WARNING * * *
You are splashed with acid!
The acid corrodes you!
The acid burns!
You resist.
You die...

#.............##.##
..................#.
#.........#.........
#...................
......>...#...#....#
.................#
...........J.....#
...........J@...###
...........J......#
...................#
.#..................
###...........#....
#.#.....#..#####.#
#......##...# #
##.....# #.##
##....# ###


You could see an acid blob, an azure jelly and an enormous slime creature.

Vanquished Creatures
  Norris (Snake:3)
  Jorgrun (Snake:3)
  Asterion (Snake:1)
  A deep elf blademaster (Elf:2)
  7 acid blobs
  The ghost of namelastname112 the Black Sun, an adept DrWz of Kikubaaqudgha (Snake:4)
  Agnes (Snake:3)
  Frances (D:12)
  9 greater nagas
  5 azure jellies
  A deep elf sorcerer (Elf:1)
  An orc warlord (Orc:3)
  Nessos (Orc:3)
  2 deep elf demonologists
  2 deep elf annihilators (Elf:1)
  2 deep elf death magi
  An ettin (D:15)
  Snorg (Lair:5)
  A death ooze (Slime:3)
  A vault guard (D:13)
  Josephine (Orc:1)
  An ice dragon (D:14)
  3 great orbs of eyes
  The ghost of SaintRoka the Fighter, a journeyman NaWn of Okawaru (D:10)
  14 hydras
  Harold (Orc:3)
  18 naga warriors
  Erolcha (D:9)
  14 anacondas
  9 dancing weapons
  4 centaur warriors (D:15)
  A death yak (Lair:8)
  2 tengu warriors (D:13)
  12 shock serpents
  4 orc high priests
  11 naga sharpshooters
  A fire crab (Lair:8)
  A hell knight (D:15)
  10 sea snakes
  20 deep elf knights
  A fire crab (shapeshifter) (D:14)
  3 skeletal warriors (D:13)
  6 deep elf summoners
  2 unseen horrors
  4 naga ritualists
  12 hill giants
  3 orc knights
  The ghost of bollicks1999 the Skirmisher, a novice DrBe of Trog (D:6)
  A wolf spider zombie (D:14)
  12 deep elf conjurers
  6 orc sorcerers
  4 salamanders
  4 cyclopes
  A harpy (shapeshifter) (Elf:1)
  17 ugly things
  15 mana vipers
  2 griffons
  5 shining eyes
  2 manticores
  2 elephants (Lair:5)
  3 eyes of devastation
  Maurice (D:9)
  27 black mambas
  A gargoyle (D:14)
  18 naga magi
  8 guardian serpents
  9 centaur skeletons
  10 fire drakes
  An efreet (D:13)
  25 spiny frogs
  10 komodo dragons
  A kobold demonologist (D:14)
  A fire drake (shapeshifter) (D:13)
  7 deep elf priests
  A two-headed ogre (Orc:4)
  A queen bee (Lair:2)
  5 trolls
  24 blink frogs
  2 giant leeches (Lair:8)
  A tengu conjurer (D:15)
  A polar bear (Lair:8)
  A harpy skeleton (D:14)
  2 blink frogs (shapeshifter)
  2 trapdoor spider zombies
  69 slime creatures
  A hornet zombie (D:14)
  37 yaks
  10 basilisks
  A spriggan (Lair:8)
  6 hogs (D:13)
  7 wyverns
  6 wraiths
  A snapping turtle (Lair:5)
  19 hippogriffs
  4 vampire mosquitoes (Lair:8)
  Grum (D:8)
  27 deep elf magi
  2 fire bats (Elf:2)
  10 golden eyes
  64 nagas
  4 hungry ghosts
  3 wolves (D:7)
  5 wargs
  26 deep elf fighters
  22 water moccasins
  A soldier ant (D:13)
  3 wasps
  2 hell hounds (Lair:5)
  7 ice beasts
  28 orc warriors
  A phantom (D:11)
  2 black bears
  11 porcupines
  2 boggarts (D:14)
  17 centaurs
  6 sky beasts
  4 eyes of draining
  A necrophage (D:9)
  8 ogres
  13 crocodiles
  44 giant frogs
  A big kobold (D:13)
  A gnoll sergeant (D:8)
  A scorpion (D:6)
  33 killer bees
  3 electric eels (Lair:8)
  9 wights
  10 crimson imps
  4 centaur zombies
  5 giant frog skeletons
  5 hounds
  18 jellies
  35 orc priests
  9 worker ants
  Jessica (D:2)
  Natasha (D:2)
  8 iguanas
  26 sheep
  32 orc wizards
  A hound zombie (D:10)
  11 gnolls
  62 river rats
  5 shadow imps
  12 adders
  A giant eyeball (D:13)
  6 oozes
  7 giant geckos
  189 orcs
  4 ball pythons
  6 giant cockroaches
  6 goblins
  4 hobgoblins (D:1)
  12 jackals
  10 kobolds
  A quokka (D:3)
  4 bats
  2 giant cockroach zombies (D:6)
  A giant gecko skeleton (D:6)
  4 giant newts
  6 rats
  A bush (Lair:1)
  8 fungi
  5 plants
1480 creatures vanquished.

Vanquished Creatures (collateral kills)
  Kirke (D:13)
  A greater naga (Snake:4)
  An orc warlord (Orc:4)
  A deep elf sorcerer (Elf:1)
  A naga warrior (Snake:4)
  3 dancing weapons (Elf:2)
  A naga sharpshooter (Snake:4)
  A shock serpent (Snake:4)
  3 deep elf conjurers
  An orc knight (Orc:4)
  An orc sorcerer (Elf:2)
  A salamander (Snake:3)
  A black mamba (Snake:4)
  3 elephants (Lair:5)
  A troll (Orc:4)
  2 deep elf magi (Elf:2)
  2 deep elf fighters (Elf:2)
  3 yaks (Lair:3)
  A wyvern (Lair:5)
  4 nagas
  A basilisk (Lair:5)
  4 orc warriors (Orc:4)
  3 boggarts (D:14)
  4 orc priests
  3 orc wizards
  A worker ant (D:14)
  17 orcs
66 creatures vanquished.

Vanquished Creatures (others)
  A black mamba (Snake:1)
  An orc wizard (D:11)
  10 fungi
  14 plants
26 creatures vanquished.

Grand Total: 1572 creatures vanquished

Notes
Turn   | Place    | Note
--------------------------------------------------------------
     0 | D:1      | seren the Minotaur Berserker began the quest for the Orb.
     0 | D:1      | Reached XP level 1. HP: 19/19 MP: 0/0
   239 | D:1      | Reached skill level 4 in Maces & Flails
   447 | D:1      | Reached XP level 2. HP: 26/26 MP: 1/1
   962 | D:2      | Reached skill level 5 in Maces & Flails
  1076 | D:2      | Reached ** piety under Trog
  1076 | D:2      | Reached XP level 3. HP: 31/31 MP: 2/2
  1335 | D:2      | Noticed Natasha
  1820 | D:2      | Noticed Jessica
  1842 | D:2      | Killed Jessica
  1842 | D:2      | Reached skill level 6 in Maces & Flails
  1842 | D:2      | Reached XP level 4. HP: 39/39 MP: 3/3
  2116 | D:3      | Found a faded altar to an unknown god.
  2520 | D:5      | Entered Level 5 of the Dungeon
  2535 | D:4      | Found a white marble altar of Elyvilon.
  2630 | D:5      | Reached XP level 5. HP: 45/45 MP: 4/4
  2681 | D:4      | Found a shadowy altar of Dithmenos.
  2835 | D:4      | Found an opulent altar of Gozag.
  2923 | D:4      | Noticed Blork the orc
  3004 | D:4      | Reached skill level 7 in Maces & Flails
  3386 | D:5      | Noticed an ice beast
  3677 | D:5      | Killed an ice beast
  3677 | D:5      | Reached skill level 8 in Maces & Flails
  3677 | D:5      | Reached XP level 6. HP: 51/51 MP: 5/5
  3938 | D:5      | Reached skill level 9 in Maces & Flails
  4211 | D:5      | Reached *** piety under Trog
  4423 | D:5      | Noticed a centaur
  4431 | D:5      | Killed a centaur
  4431 | D:5      | Reached XP level 7. HP: 44/57 MP: 6/6
  4555 | D:6      | Reached skill level 10 in Maces & Flails
  4573 | D:6      | Noticed bollicks1999's ghost (novice DrBe)
  4626 | D:6      | Noticed an ogre
  4641 | D:6      | Killed an ogre
  4779 | D:6      | Noticed an orc warrior
  4917 | D:6      | Killed bollicks1999's ghost
  4917 | D:6      | Reached skill level 12 in Maces & Flails
  4917 | D:6      | Reached XP level 8. HP: 64/64 MP: 7/7
  5467 | D:5      | Killed an orc warrior
  5694 | D:6      | Noticed a centaur
  5718 | D:6      | Killed a centaur
  5718 | D:6      | Reached skill level 5 in Fighting
  6276 | D:6      | Found an ancient bone altar of Kikubaaqudgha.
  6524 | D:7      | Reached XP level 9. HP: 74/74 MP: 8/8
  6706 | D:7      | Reached skill level 5 in Armour
  6756 | D:7      | Found a radiant altar of Vehumet.
  6760 | D:7      | Found a snail-covered altar of Cheibriados.
  6762 | D:7      | Found a stormy altar of Qazlal.
  6762 | D:7      | Found a basalt altar of Yredelemnul.
  6764 | D:7      | Found a shattered altar of Ashenzari.
  6765 | D:7      | Found a white marble altar of Elyvilon.
  6960 | D:7      | Found a staircase to the Ecumenical Temple.
  6977 | Temple   | Entered the Ecumenical Temple
  7089 | D:7      | Reached skill level 1 in Shields
  7148 | D:7      | Reached **** piety under Trog
  7619 | D:8      | Reached skill level 5 in Shields
  8089 | D:8      | Reached skill level 13 in Maces & Flails
  8265 | D:8      | Noticed Grum
  8458 | D:8      | Reached XP level 10. HP: 83/83 MP: 9/9
  8475 | D:8      | Found a staircase to the Lair.
  8505 | D:8      | Killed Grum
  8505 | D:8      | Reached skill level 14 in Maces & Flails
  8967 | D:8      | Noticed a hill giant
  9024 | Lair:1   | Entered Level 1 of the Lair of Beasts
  9255 | D:9      | Found a staircase to the Orcish Mines.
  9262 | Orc:1    | Entered Level 1 of the Orcish Mines
  9385 | D:9      | Found a sparkling altar of Nemelex Xobeh.
  9579 | D:9      | Found a shimmering altar of Xom.
  9579 | D:9      | Found a bloodstained altar of Trog.
  9655 | D:9      | Noticed Maurice
  9689 | D:9      | Killed Maurice
  9746 | D:10     | Entered Level 10 of the Dungeon
  9889 | D:9      | Noticed Erolcha
  9963 | D:9      | Killed Erolcha
 10624 | D:10     | Found Saenuanku's Food Boutique.
 10739 | D:10     | Noticed a hill giant
 10745 | D:10     | Killed a hill giant
 10832 | D:10     | Found Zaunyzub's Weapon Boutique.
 10952 | D:10     | Found Cagicik's Gadget Boutique.
 10973 | D:10     | Noticed a hill giant
 10981 | D:10     | Killed a hill giant
 11057 | D:10     | Found Kiothrama's Armour Shop.
 11249 | D:10     | Found Ytta's General Store.
 11417 | D:10     | Noticed SaintRoka's ghost (journeyman NaWn)
 11447 | D:10     | Killed SaintRoka's ghost
 11447 | D:10     | Reached XP level 11. HP: 64/99 MP: 10/10
 11509 | D:11     | Noticed a hill giant
 11520 | D:11     | Killed a hill giant
 11520 | D:11     | Reached skill level 10 in Fighting
 11945 | D:11     | Noticed a red ugly thing
 11957 | D:11     | Noticed a purple ugly thing
 11957 | D:11     | Killed a red ugly thing
 11957 | D:11     | Reached skill level 10 in Armour
 11977 | D:11     | Killed a purple ugly thing
 13272 | D:13     | Noticed Frances
 13308 | D:12     | Killed Frances
 13580 | D:12     | Reached skill level 5 in Dodging
 13740 | D:10     | Bought a +0 blowgun for 27 gold pieces
 13819 | D:10     | Bought a wand of teleportation (6) for 330 gold pieces
 14101 | Lair:1   | Noticed a black mamba
 14110 | Lair:1   | Killed a black mamba
 14252 | Lair:1   | Noticed a seven-headed hydra
 14277 | Lair:1   | Killed a seven-headed hydra
 14277 | Lair:1   | Reached XP level 12. HP: 112/112 MP: 11/11
 14765 | Lair:1   | Noticed an oklob plant
 14827 | Lair:1   | Noticed a four-headed hydra
 14846 | Lair:1   | Killed a four-headed hydra
 15328 | Lair:1   | Reached ***** piety under Trog
 16613 | Lair:2   | Reached skill level 10 in Shields
 17712 | Lair:3   | Received a gift from Trog
 17959 | Lair:3   | Reached XP level 13. HP: 119/119 MP: 12/12
 20101 | Lair:5   | Found a staircase to the Shoals.
 20701 | Lair:5   | Received a gift from Trog
 21162 | Lair:5   | Found a staircase to the Snake Pit.
 21355 | Snake:1  | Entered Level 1 of the Snake Pit
 21730 | Lair:6   | Noticed Snorg
 21786 | Lair:5   | Killed Snorg
 21786 | Lair:5   | Reached skill level 10 in Dodging
 22754 | Lair:6   | Got an opalescent robe
 22765 | Lair:6   | Identified the +1 robe of the Realm of Zot {rC+ Slay-3 Stlth+} (You found it on level 6 of the Lair of Beasts)
 22926 | Lair:8   | Entered Level 8 of the Lair of Beasts
 22953 | Lair:7   | Found a staircase to the Slime Pits.
 22962 | Slime:1  | Entered Level 1 of the Pits of Slime
 22962 | Slime:1  | Noticed an acid blob
 23248 | Lair:7   | Reached XP level 14. HP: 95/129 MP: 13/13
 25253 | D:8      | Killed a hill giant
 25372 | Orc:1    | Received a gift from Trog
 25561 | Orc:2    | Noticed Josephine
 25815 | Orc:1    | Killed Josephine
 26578 | Orc:2    | Received a gift from Trog
 26741 | Orc:2    | Found a roughly hewn altar of Beogh.
 26977 | Orc:3    | Noticed Nessos
 27030 | Orc:3    | Found a staircase to the Elven Halls.
 27084 | Orc:4    | Entered Level 4 of the Orcish Mines
 27321 | Orc:3    | Noticed Harold
 27358 | Orc:3    | Killed Harold
 27642 | Orc:3    | Killed Nessos
 28639 | Orc:4    | Received a gift from Trog
 28679 | Orc:4    | Found a roughly hewn altar of Beogh.
 29133 | Orc:4    | Reached skill level 15 in Shields
 30017 | Orc:4    | Noticed an orc warlord
 30114 | Orc:4    | Killed an orc warlord
 30334 | Orc:4    | Found Igalat's Antique Armour Shop.
 30337 | Orc:4    | Found Uthudul's Antique Weapon Shop.
 30340 | Orc:4    | Found Onoo's General Store.
 30340 | Orc:4    | Found Jascheh's Jewellery Boutique.
 30377 | Orc:4    | Bought a pair of runed gloves for 148 gold pieces
 30377 | Orc:4    | Bought a pair of glowing gloves for 148 gold pieces
 30811 | Orc:4    | Upgraded the game from 0.17.1-1-g73c8601 to 0.17.1-2-g5865329
 30823 | Orc:4    | Bought a shiny scale mail for 132 gold pieces
 31149 | D:13     | Noticed a seven-headed hydra
 31181 | D:12     | Killed a seven-headed hydra
 31318 | D:13     | Paralysed by a giant eyeball for 4 turns
 31326 | D:13     | Paralysed by a giant eyeball for 4 turns
 31331 | D:13     | Reached ****** piety under Trog
 31405 | D:13     | Received a gift from Trog
 31486 | D:13     | Reached XP level 15. HP: 131/139 MP: 11/14
 31522 | D:13     | Noticed Kirke
 31530 | D:13     | Killed Kirke
 31597 | D:13     | Noticed a tengu warrior
 31618 | D:13     | Killed a tengu warrior
 31901 | D:13     | Noticed a five-headed hydra
 31915 | D:13     | Killed a five-headed hydra
 32072 | D:13     | Reached skill level 15 in Fighting
 32107 | D:13     | Noticed a hill giant
 32118 | D:13     | Killed a hill giant
 32203 | D:13     | Killed an unseen horror
 32214 | D:13     | Noticed a skeletal warrior
 32216 | D:13     | Noticed a skeletal warrior
 32216 | D:13     | Noticed a skeletal warrior
 32229 | D:13     | Killed a skeletal warrior
 32255 | D:13     | Killed a skeletal warrior
 32255 | D:13     | Reached skill level 15 in Armour
 32265 | D:13     | Killed a skeletal warrior
 32714 | D:13     | Noticed a hill giant
 32722 | D:13     | Killed a hill giant
 32807 | D:13     | Noticed a vault guard
 32819 | D:13     | Killed a vault guard
 32829 | D:13     | Found a gate to the Vaults.
 32889 | D:13     | Noticed a hill giant
 32897 | D:13     | Killed a hill giant
 33094 | D:14     | Found a sacrificial altar of Ru.
 33750 | D:14     | Received a gift from Trog
 34367 | D:15     | Entered Level 15 of the Dungeon
 36355 | D:15     | Reached skill level 16 in Fighting
 36359 | D:15     | Found a staircase to the Depths.
 36590 | D:15     | Received a gift from Trog
 36764 | D:15     | Found Nuacefac's Book Emporium.
 37900 | Lair:8   | Reached XP level 16. HP: 152/152 MP: 5/15
 39694 | Lair:8   | Gained mutation: You evolve. [potion of beneficial mutation]
 40121 | Elf:1    | Entered Level 1 of the Elven Halls
 40751 | Elf:1    | Got a bloodstained large shield
 40804 | Orc:3    | Identified the +2 large shield "Royteuh" {Str+8 Dex-3} (You found it on level 1 of the Elven Halls)
 40860 | Orc:3    | Received a gift from Trog
 41805 | Elf:1    | Received a gift from Trog
 42525 | Elf:2    | Found a runed gate.
 42526 | Elf:2    | Found a runed gate.
 42631 | Elf:2    | Found a runed gate.
 42884 | Elf:2    | Reached skill level 17 in Shields
 42928 | Elf:2    | Found Wellu's Elven Fire.
 42929 | Elf:2    | Noticed an Executioner
 42995 | Elf:2    | Noticed a Brimstone Fiend
 42996 | Elf:2    | Noticed an Executioner
 43002 | Elf:2    | HP: 6/152 [deep elf knight/arrow (5)]
 43744 | D:2      | Killed Natasha
 45166 | Elf:2    | Reached skill level 18 in Shields
 45252 | Elf:2    | Received a gift from Trog
 45255 | Elf:2    | Got a crystal triple sword {god gift}
 45278 | Elf:2    | Noticed a deep elf blademaster
 45292 | Elf:2    | Killed a deep elf blademaster
 45292 | Elf:2    | Reached XP level 17. HP: 160/160 MP: 5/16
 46312 | Elf:2    | Identified the +12 triple sword of Extinguishment {slice, *Corrode rElec Str+8} (Trog gifted it to you on level 2 of the Elven Halls)
 46333 | Elf:3    | Entered Level 3 of the Elven Halls
 46466 | Orc:4    | Bought an uncursed amulet of regeneration for 330 gold pieces
 46891 | Snake:1  | Reached skill level 19 in Shields
 47189 | Snake:1  | Reached skill level 1 in Throwing
 47312 | Snake:1  | Noticed Asterion
 47335 | Snake:1  | Killed Asterion
 49144 | Snake:2  | Reached skill level 20 in Shields
 49258 | Snake:2  | Noticed Roxanne
 49359 | Snake:2  | Received a gift from Trog
 49359 | Snake:2  | Reached skill level 5 in Throwing
 49794 | Snake:3  | HP: 5/160 [guardian serpent (10)]
 50102 | Snake:3  | Noticed Norris
 50104 | Snake:3  | Paralysed by Norris for 3 turns
 50691 | Snake:3  | Killed Norris
 51320 | Snake:3  | Noticed Jorgrun
 51336 | Snake:2  | Reached skill level 21 in Shields
 51422 | Snake:3  | Killed Jorgrun
 51431 | Snake:3  | Received a gift from Trog
 51501 | Snake:3  | Reached XP level 18. HP: 166/168 MP: 5/17
 51559 | Snake:3  | Noticed Agnes
 51580 | Snake:3  | Killed Agnes
 51964 | Snake:4  | Entered Level 4 of the Snake Pit
 51975 | Snake:4  | Noticed namelastname112's ghost (adept DrWz)
 52503 | Snake:4  | Received a gift from Trog
 52600 | Snake:3  | Gained mutation: You are agile. (Dex +2) [evolution]
 52651 | Snake:4  | Found Riwuron's Armour Boutique.
 52702 | Snake:4  | Bought a +2 plate armour of fire resistance for 720 gold pieces
 54044 | Snake:4  | Received a gift from Trog
 54214 | Snake:4  | Killed namelastname112's ghost
 54580 | Snake:4  | Received a gift from Trog
 55299 | Snake:4  | Reached skill level 15 in Maces & Flails
 55299 | Snake:4  | Reached skill level 15 in Dodging
 55734 | Snake:4  | Got a serpentine rune of Zot
 56009 | Slime:1  | Killed an acid blob
 56154 | Slime:1  | Noticed an acid blob
 56167 | Slime:1  | Killed an acid blob
 56343 | Slime:1  | Received a gift from Trog
 56812 | Slime:1  | Noticed an azure jelly
 56862 | Lair:7   | Killed an azure jelly
 56862 | Lair:7   | Reached XP level 19. HP: 55/179 MP: 18/18
 58673 | Slime:3  | Gained mutation: You are occasionally teleported next to monsters. [a shining eye]
 58905 | Slime:3  | Received a gift from Trog
 58943 | Slime:3  | Gained mutation: You expend magic power (3 MP) to strengthen your wands. [a shining eye]
 58944 | Slime:3  | Gained mutation: Scrolls take you a little longer to read. [a shining eye]
 59191 | Lair:1   | Lost mutation: Scrolls take you a little longer to read. [potion of cure mutation]
 59191 | Lair:1   | Lost mutation: You are occasionally teleported next to monsters. [potion of cure mutation]
 59191 | Lair:1   | Lost mutation: You expend magic power (3 MP) to strengthen your wands. [potion of cure mutation]
 59748 | Slime:3  | Gained mutation: You are occasionally teleported next to monsters. [a shining eye]
 60287 | Slime:4  | HP: 8/179 [azure jelly (2)]
 60287 | Slime:4  | HP: 1/179 [acid blob (7)]
 60287 | Slime:4  | Splashed by an acid blob's acid

Action                   |  1- 3 |  4- 6 |  7- 9 | 10-12 | 13-15 | 16-18 | 19-21 || total
-------------------------+-------+-------+-------+-------+-------+-------+-------++-------
Melee: Mace              |    68 |    79 |       |       |       |       |       ||   147
       Flail             |       |    37 |   254 |   194 |       |       |       ||   485
       Whip              |       |       |       |   877 |  1826 |       |       ||  2703
       Demon whip        |       |       |       |       |   420 |  1971 |   306 ||  2697
       Eveningstar       |       |       |       |       |       |     3 |       ||     3
Throw: Tomahawk          |       |     2 |     5 |    12 |     6 |    16 |     1 ||    42
Invok: Berserk           |     2 |     8 |    14 |    16 |    12 |    12 |     1 ||    65
       Trog's Hand       |     1 |     1 |     3 |     7 |    10 |    12 |     1 ||    35
       Burn Spellbooks   |       |     1 |       |     2 |     2 |     2 |       ||     7
       Brothers in Arms  |       |       |       |     1 |    12 |    16 |       ||    29
Evoke: Wand              |       |       |       |     2 |     1 |     3 |       ||     6
  Use: Potion            |       |     5 |     4 |     9 |     4 |    12 |     3 ||    37
       Scroll            |       |     3 |     2 |    13 |    12 |    11 |     1 ||    42
 Stab: Distracted        |       |       |       |       |     1 |     2 |       ||     3
  Eat: Chunk             |     2 |     5 |    17 |    28 |    48 |    34 |       ||   134
       Pizza             |     1 |     1 |       |     4 |       |     3 |       ||     9
       Bread ration      |     1 |       |     1 |       |       |       |       ||     2
       Fruit             |       |     2 |       |       |     1 |    30 |    14 ||    47
       Meat ration       |       |     1 |     1 |       |       |     3 |       ||     5
       Beef jerky        |       |       |     1 |     3 |     1 |       |       ||     5
       Royal jelly       |       |       |       |     6 |    15 |     4 |       ||    25
